 Dungeon Crawl Stone Soup version 0.26.1-2-gb8aa6d0cf2 (webtiles) character file.

Game seed: 15626453276164484825

61 windgrace the Magician (level 4, 0/34 HPs)
             Began as a Gnoll Wanderer on Feb 8, 2021.
             Slain by Natasha (7 damage)
             ... on level 2 of the Dungeon.
             The game lasted 00:16:14 (1890 turns).

windgrace the Magician (Gnoll Wanderer)             Turns: 1890, Time: 00:16:15

Health: 0/34       AC:  2    Str: 14    XL:     4   Next: 7%
Magic:  6/13       EV: 13    Int: 14    God:
Gold:   111        SH:  0    Dex: 16    Spells: 15/17 levels left

rFire    . . .     SeeInvis .   m - +0 hand axe
rCold    . . .     Faith    .   (no shield)
rNeg     . . .     Spirit   .   d - +0 robe
rPois    .         Reflect  .   (no helmet)
rElec    .         Harm     .   (no cloak)
rCorr    .         Rampage  .   (no gloves)
Will     .....                  (no boots)
Stlth    ++........             (no amulet)
HPRegen  0.11/turn              (no ring)
MPRegen  0.13/turn              (no ring)

@: very slightly contaminated
A: distributed training, fangs 1, strong nose
a: no special abilities


You were on level 2 of the Dungeon.
You visited 1 branch of the dungeon, and saw 2 of its levels.

You collected 111 gold pieces.

Inventory:

Hand Weapons
 a - a +0 club
 g - a +0 dagger
 m - a +0 hand axe (weapon)
 n - a +0 whip
 o - a +0 short sword
 p - a +0 dagger
Missiles
 h - 7 atropa-tipped darts (quivered)
Armour
 d - a +0 robe (worn)
Scrolls
 b - 2 scrolls of remove curse {unknown}
 f - 2 scrolls of magic mapping
 j - 3 scrolls of teleportation {unknown}
 k - a scroll of identify
 l - a scroll of fog {unknown}
 q - a scroll of amnesia {unknown}
Potions
 c - a potion of curing
 e - a potion of haste {unknown}
 i - a potion of resistance {unknown}


   Skills:
 + Level 2.7 Fighting
 + Level 1.0 Short Blades
 + Level 2.7 Long Blades
 + Level 1.0 Axes
 + Level 1.0 Maces & Flails
 + Level 1.0 Polearms
 + Level 1.0 Staves
 + Level 1.0 Slings
 + Level 1.0 Bows
 + Level 1.0 Crossbows
 + Level 4.6 Throwing
 + Level 1.0 Armour
 + Level 2.7 Dodging
 + Level 1.0 Stealth
 + Level 1.0 Shields
 + Level 1.0 Unarmed Combat
 + Level 7.2 Spellcasting
 + Level 0.7 Conjurations
 + Level 0.7 Hexes
 + Level 0.7 Summonings
 + Level 2.2 Necromancy
 + Level 0.7 Translocations
 + Level 0.7 Transmutations
 + Level 0.7 Fire Magic
 + Level 2.2 Ice Magic
 + Level 0.7 Air Magic
 + Level 0.7 Earth Magic
 + Level 0.7 Poison Magic
 + Level 1.1 Invocations
 + Level 1.0 Evocations


You had 15 spell levels left.
You knew the following spells:

 Your Spells              Type           Power        Failure   Level
a - Sting                 Tmut/Pois      28%          11%         1
b - Magic Dart            Conj           28%          11%         1

Your spell library contained the following spells:

 Spells                   Type           Power        Failure   Level
 Blink                    Tloc           N/A          16%         2
 Call Imp                 Summ           7%           16%         2
 Slow                     Hex            7%           16%         2
 Conjure Flame            Conj/Fire      7%           30%         3
 Ignite Poison            Fire/Tmut/Pois 7%           30%         3
 Mephitic Cloud           Conj/Pois/Air  7%           30%         3


Dungeon Overview and Level Annotations

Branches:
Dungeon (2/15)

Altars:
Xom

Annotations:
D:2 Natasha


Innate Abilities, Weirdness & Mutations

Your experience applies equally to all skills.
You have very sharp teeth.
Your uncanny sense of smell can sniff out nearby items.


Message History

Aim: Natasha (heavily wounded, poisoned, 40% to evade)
The sting hits Natasha but does no damage.
Natasha looks even sicker.
Natasha is heavily wounded.
Natasha claws you. The crimson imp misses you.
Casting: Sting (safe; 11% risk of failure)
Confirm with . or Enter, or press ? or * to list all spells.
Aiming: Sting (safe; 11% risk of failure)
Press: ? - help, Shift-Dir - straight line, f/p - Natasha
Aim: Natasha (heavily wounded, very poisoned, 40% to evade)
The sting misses Natasha.
Natasha casts a spell at you. The magic dart hits you!
The crimson imp hits you. Natasha claws you.
* * * LOW HITPOINT WARNING * * *
As you read the scroll labelled LESHRO FUZINY, it crumbles to dust.
It is a scroll of identify.
f - 2 scrolls of magic mapping The crimson imp closely misses you.
Natasha claws you!
You die...

#### #########
##...##...#...# ##
##.......<...#.##########.
#.....>...................
#.......h@....##...######.
#.......5.....##...# #..
##..........#.##...# ###.#
##...#....##.##...###...#
#####....##.##...##..###
###.....)##.....##
#....†....†...†##
#.#.....######†.##
#.#...†.# ##..#


You could see Natasha (very poisoned) and a crimson imp (summoned, poisoned).

Vanquished Creatures
  An adder (D:2)
  An ooze (D:2)
  2 worms (D:2)
  A dart slug (D:2)
  8 bats
  2 giant cockroaches
  5 goblins
  4 hobgoblins
  2 quokkas (D:2)
  3 frilled lizards
  2 kobolds
  10 rats
41 creatures vanquished.

Notes
Turn   | Place    | Note
-------+----------+-------------------------------------------
     0 | D:1      | windgrace the Gnoll Wanderer began the quest for the Orb.
     0 | D:1      | windgrace set off with the following items: a +0 club, a
                  | potion of curing, a +0 robe; and the following spells
                  | available to memorise: Magic Dart, Sting, Blink, Call Imp,
                  | Slow, Conjure Flame, Ignite Poison, Mephitic Cloud
     0 | D:1      | Reached XP level 1. HP: 17/17 MP: 8/8
     2 | D:1      | Learned a level 1 spell: Sting
     4 | D:1      | Learned a level 1 spell: Magic Dart
   446 | D:1      | Reached XP level 2. HP: 23/23 MP: 7/10
  1408 | D:2      | Reached XP level 3. HP: 28/28 MP: 11/11
  1481 | D:2      | Found a shimmering altar of Xom.
  1482 | D:2      | Found a faded altar of an unknown god.
  1533 | D:2      | Reached skill level 1 in Invocations
  1696 | D:2      | Reached skill level 1 in Short Blades
  1696 | D:2      | Reached skill level 1 in Axes
  1696 | D:2      | Reached skill level 1 in Maces & Flails
  1696 | D:2      | Reached skill level 1 in Polearms
  1696 | D:2      | Reached skill level 1 in Staves
  1696 | D:2      | Reached skill level 1 in Slings
  1696 | D:2      | Reached skill level 1 in Bows
  1696 | D:2      | Reached skill level 1 in Crossbows
  1696 | D:2      | Reached skill level 1 in Armour
  1696 | D:2      | Reached skill level 1 in Stealth
  1696 | D:2      | Reached skill level 1 in Shields
  1696 | D:2      | Reached skill level 1 in Unarmed Combat
  1696 | D:2      | Reached skill level 1 in Evocations
  1747 | D:2      | Reached XP level 4. HP: 34/34 MP: 5/13
  1877 | D:2      | Noticed Natasha
  1890 | D:2      | Slain by Natasha

Illustrated notes

Levels and vault maps discovered:
D:1:      eino_arrival_cavern_c, layout_basic
D:2:      layout_rooms, lemuel_crystal_altar,
          chequers_ecumenical_altar_simple_redux, minmay_diced_spiral,
          uniq_natasha

Skill      XL: |  1  2  3 |
---------------+----------+-----
Necromancy     | 2 |  2.2
Ice Magic      | 2 |  2.2
Invocations    | 1 |  1.1
Short Blades   | 1 |  1.0
Axes           | 1 |  1.0
Maces & Flails | 1 |  1.0
Polearms       | 1 |  1.0
Staves         | 1 |  1.0
Slings         | 1 |  1.0
Bows           | 1 |  1.0
Crossbows      | 1 |  1.0
Armour         | 1 |  1.0
Stealth        | 1 |  1.0
Shields        | 1 |  1.0
Unarmed Combat | 1 |  1.0
Evocations     | 1 |  1.0
Fighting       | |  2.7
Long Blades    | |  2.7
Throwing       | |  4.6
Dodging        | |  2.7
Spellcasting   | |  7.2
Conjurations   | |  0.7
Hexes          | |  0.7
Summonings     | |  0.7
Translocations | |  0.7
Transmutations | |  0.7
Fire Magic     | |  0.7
Air Magic      | |  0.7
Earth Magic    | |  0.7
Poison Magic   | |  0.7

Action                   |  1- 3 |  4- 6 || total
-------------------------+-------+-------++-------
Melee: Club              |     7 |       ||     7
       Dagger            |    12 |       ||    12
       Hand axe          |    42 |     1 ||    43
       Bite              |     3 |       ||     3
 Cast: Magic Dart        |    22 |     2 ||    24
       Sting             |    27 |    10 ||    37
  Use: Scroll            |       |     1 ||     1
 Stab: Sleeping          |     1 |       ||     1
Armor: Robe              |    24 |       ||    24
Dodge: Dodged            |    55 |     3 ||    58
